 Dungeon Sprint DCSS version 0.27-a0-1322-gfdffb62a71 (webtiles) character file.

Game seed: 14176944449217419176

16267 mhtbhm the Sorcerer (level 12, -4/59 HPs)
             Began as a Deep Elf Earth Elementalist on June 22, 2021.
             Was the Champion of Vehumet.
             Slain by a cane toad (12 damage)
             ... in the Dungeon (Sprint III: "The Ten Rune Challenge").
             The game lasted 00:09:30 (2865 turns).

mhtbhm the Sorcerer (Deep Elf Earth Elementalist)   Turns: 2865, Time: 00:09:30

Health: -4/59      AC:  4    Str: 10    XL:     12   Next: 8%
Magic:  46/50      EV: 15    Int: 28    God:    Vehumet [******]
Gold:   2321       SH:  0    Dex: 15    Spells: 33/58 levels left

rFire    + . .     SeeInvis .   b - +9 dagger "Beetleslayer" {vorpal, +Blink}
rCold    + . .     Faith    .   (no shield)
rNeg     . . .     Spirit   .   a - +2 robe {rC+ rF+}
rPois    .         Reflect  .   (no helmet)
rElec    .         Harm     .   (no cloak)
rCorr    .         Rampage  .   (no gloves)
Will     +....     NoTele   +   (no boots)
Stlth    ++........             v - amulet of Sif Muna's Regard {RegenMP +Blink Str+5 Stlth-}
HPRegen  0.19/turn              r - ring of magical power
MPRegen  0.57/turn              w - ring "Vosk" {Wiz Int+2}

@: no status effects
A: no striking features
a: Renounce Religion, Evoke Blink


You were in the Dungeon.
You worshipped Vehumet.
Vehumet was exalted by your worship.
You visited 1 branch You collected 2601 gold pieces.
You spent 280 gold pieces at shops.

Inventory:

Hand Weapons
 b - the +9 dagger "Beetleslayer" (weapon) {vorpal, +Blink}
   (You took it off a deep elf high priest in the Dungeon)

   It inflicts extra damage upon your enemies.
   It lets you blink.
Missiles
 d - 7 curare-tipped darts (quivered)
 i - 6 stones
Armour
 a - a +2 robe of resistance (worn)
 h - a +2 kite shield of reflection
Jewellery
 r - a ring of magical power (left hand)
 v - the amulet of Sif Muna's Regard (around neck) {RegenMP +Blink Str+5 Stlth-}
   (You found it in the Dungeon)

   [amulet of magic regeneration]

   It increases your rate of magic regeneration.
   It affects your strength (+5).
   It lets you blink.
   It makes you less stealthy.
 w - the ring "Vosk" (right hand) {Wiz Int+2}
   (You found it in the Dungeon)

   [ring of wizardry]

   It improves your spell success rate.
   It affects your intelligence (+2).
Wands
 p - a wand of polymorph (9)
Scrolls
 e - a scroll of amnesia {unknown}
 j - a scroll of torment
 k - 4 scrolls of silence {unknown}
 m - a scroll of holy word {unknown}
 n - a scroll of fog {unknown}
Potions
 c - a potion of curing
 f - 2 potions of magic
 g - a potion of berserk rage
 o - 5 potions of mutation
Miscellaneous
 q - a phantom mirror
 t - a box of beasts
 u - a phantom mirror
 x - a tin of tremorstones (2/2)
 z - a lightning rod (4/4)


   Skills:
 + Level 6.3 Dodging
 + Level 5.4 Stealth
 + Level 23.6 Spellcasting
 + Level 4.3 Conjurations
 + Level 4.3 Transmutations
 + Level 0.4 Air Magic
 + Level 21.7 Earth Magic
 + Level 0.2 Poison Magic
 + Level 2.1 Evocations


You had 33 spell levels left.
You knew the following spells:

 Your Spells              Type           Power      Damage    Failure   Level
a - Sandblast             Erth           100%       2d20      0%          1
b - Passwall              Tmut/Erth      68%        N/A       0%          2
c - Stone Arrow           Conj/Erth      100%       3d13      0%          3
d - Lee's Rapid Deconstr  Erth           50%        3d25*     0%          5
e - Petrify               Tmut/Erth      82%        N/A       1%          4
f - Mephitic Cloud        Conj/Pois/Air  42%        N/A       1%          3
g - Orb of Destruction    Conj           27%        9d11      16%         7

Your spell library contained the following spells:

 Spells                   Type           Power      Damage    Failure   Level
 Lightning Bolt           Conj/Air       23%        1d38      1%          5
 Animate Skeleton         Necr           66%        N/A       1%          1
 Apportation              Tloc           66%        N/A       1%          1
 Corona                   Hex            36%        N/A       1%          1
 Magic Dart               Conj           100%       1d8       1%          1
 Summon Small Mammal      Summ           100%       N/A       1%          1
 Blink                    Tloc           N/A        N/A       1%          2
 Call Imp                 Summ           33%        N/A       1%          2
 Searing Ray              Conj           100%       3d7       1%          2
 Slow                     Hex            33%        N/A       1%          2
 Call Canine Familiar     Summ           33%        N/A       1%          3
 Conjure Flame            Conj/Fire      45%        6-21      1%          3
 Dazzling Flash           Conj/Hex       90%        N/A       1%          3
 Summon Guardian Golem    Hex/Summ       33%        N/A       1%          3
 Fulminant Prism          Conj/Hex       22%        3d13      1%          4
 Iskenderun's Mystic Bla  Conj/Tloc      45%        2d10      1%          4
 Borgnjor's Vile Clutch   Necr/Erth      38%        N/A       1%          5
 Summon Lightning Spire   Summ/Air       34%        N/A       3%          4
 Animate Dead             Necr           16%        N/A       4%          4
 Summon Ice Beast         Ice/Summ       33%        N/A       4%          4
 Death Channel            Necr           16%        N/A       50%         6
 Simulacrum               Ice/Necr       16%        N/A       50%         6


Dungeon Overview and Level Annotations

Branches:
Dungeon (1/1)

Altars:
Cheibriados
Dithmenos
Elyvilon
Fedhas
Gozag
Hepliaklqana
Kikubaaqudgha
Makhleb
Nemelex Xobeh
Okawaru
Qazlal
Ru
Sif Muna
Trog
Uskayaw
Vehumet
Wu Jian
Xom
Yredelemnul
Zin
The Shining One
Beogh
Jiyva
Lugonu

Shops:
D =


Message History

The cane toad stings you!!
* * * LOW HITPOINT WARNING * * *
Unknown command.
You feel better.
The cane toad stops moving altogether!
The cane toad barely misses you.
Unknown command.
Casting: Petrify (safe; 1% risk of failure)
Confirm with . or Enter, or press ? or * to list all spells.
Aiming: Lee's Rapid Deconstruction (safe; 0% risk of failure)
Press: ? - help, Dir - move target, f/p - cane toad Fragment what (e.g. wall or brittle monster)?: a cane toad (water, petrified) Some deep water.
The cane toad shatters!!!
The cane toad is heavily wounded.
The blast of petrified fragments hits the komodo dragon!!!
The komodo dragon is almost dead.
The blast of petrified fragments hits the cane toad.
The cane toad is lightly wounded.
The cane toad barely misses you. The komodo dragon bites you.
* * * LOW HITPOINT WARNING * * *
The cane toad completely misses you.
Unknown command.
Casting: Lee's Rapid Deconstruction (safe; 0% risk of failure)
Confirm with . or Enter, or press ? or * to list all spells.
Aiming: Lee's Rapid Deconstruction (safe; 0% risk of failure)
Press: ? - help, Dir - move target, f/p - cane toad Fragment what (e.g. wall or brittle monster)?: a cane toad (water, heavily wounded, petrified) Some deep water.
The cane toad shatters!!!
You blow up the cane toad!
Vehumet accepts your kill.
You feel your power returning.
The blast of petrified fragments hits the komodo dragon!!
You kill the komodo dragon!
Vehumet accepts your kill.
You feel your power returning.
The blast of petrified fragments hits the cane toad!
The cane toad is moderately wounded.
The cane toad stings you!
You die...

#...'.⌠........#[∩####.####.)[..#
#...#...######'#).# #..#..#######
....#.⌠.#__#...#[################
....#...#__#...#....#.#.#.....#^.
....#'###__#...##.#))#.##.###[#.^
....#.))#__#...'##.#.#.##.#.)##..
....#___#__'...#...#..#..##..'.^.
▓▓▓▓▓▓▓▓▓▓▓▓▓▓▓▓▓▓▓▓▓▓▓▓▓▓▓▓▓#^..
♣≈≈≈F@......≈≈≈...#.^.
♣'♣≈≈≈≈≈≈≈≈≈≈≈≈♣♣..'...
.≈♣♣♣♣♣♣♣♣♣♣♣♣♣♣♣♣PP#... #..
♣♣♣##'# ## #... #... #... ####


You could see a cane toad.

Vanquished Creatures
  A deep elf blademaster (D)
  Frances (D)
  Donald (D)
  3 deep elf annihilators (D)
  A deep elf demonologist (D)
  A deep elf death mage (D)
  A deep elf high priest (D)
  Erolcha (D)
  2 deep elf knights (D)
  4 deep elf pyromancers (D)
  A cane toad (D)
  A komodo dragon (D)
  3 wandering mushrooms (D)
  A shadow (D)
  2 redbacks (D)
  A spatial vortex (D)
  2 orc warriors (D)
  A necrophage (D)
  5 two-headed ogres (D)
  A water elemental (D)
  A scorpion (D)
  A jelly (D)
  3 orc priests (D)
  A wizard (D)
  Jessica (D)
  A necromancer (D)
  2 orc wizards (D)
  3 humans (D)
  A kobold demonologist (D)
  11 orcs (D)
  2 endoplasms (D)
  A rat (D)
62 creatures vanquished.

Vanquished Creatures (others)
  3 hydras (D)
  4 plants (D)
7 creatures vanquished.

Grand Total: 69 creatures vanquished

Notes
Turn   | Place    | Note
-------+----------+-------------------------------------------
     0 | D        | mhtbhm the Deep Elf Earth Elementalist began the quest for
                  | the Orb.
     0 | D        | Reached XP level 1. HP: 10/10 MP: 6/6
   176 | D        | Noticed Jessica
   180 | D        | Killed Jessica
   181 | D        | Reached skill level 4 in Spellcasting
   181 | D        | Reached skill level 5 in Earth Magic
   181 | D        | Reached XP level 2. HP: 15/15 MP: 5/9
   181 | D        | Reached XP level 3. HP: 19/19 MP: 6/11
   280 | D        | Killed a six-headed hydra
   286 | D        | Reached skill level 5 in Spellcasting
   340 | D        | Noticed a scorpion
   342 | D        | Killed a scorpion
   343 | D        | Reached skill level 7 in Spellcasting
   343 | D        | Reached XP level 4. HP: 24/24 MP: 10/15
   346 | D        | Learned a level 2 spell: Passwall
   350 | D        | Learned a level 3 spell: Stone Arrow
   379 | D        | Noticed a water elemental
   386 | D        | Killed a water elemental
   387 | D        | Reached skill level 8 in Spellcasting
   387 | D        | Reached XP level 5. HP: 16/28 MP: 11/17
   393 | D        | Learned a level 5 spell: Lee's Rapid Deconstruction
   398 | D        | Learned a level 4 spell: Petrify
   519 | D        | Found a radiant altar of Vehumet.
   521 | D        | Found a shimmering blue altar of Sif Muna.
   523 | D        | Reached skill level 9 in Spellcasting
   523 | D        | Found an ancient bone altar of Kikubaaqudgha.
   533 | D        | Became a worshipper of Vehumet
   545 | D        | Learned a level 3 spell: Mephitic Cloud
   556 | D        | Found a basalt altar of Yredelemnul.
   556 | D        | Found a shadowy altar of Dithmenos.
   556 | D        | Found a sacrificial altar of Ru.
   556 | D        | Noticed a necrophage
   557 | D        | Killed a necrophage
   558 | D        | Reached skill level 5 in Dodging
   558 | D        | Reached skill level 10 in Spellcasting
   558 | D        | Reached skill level 10 in Earth Magic
   558 | D        | Reached XP level 6. HP: 32/32 MP: 13/21
   592 | D        | Found a glowing silver altar of Zin.
   592 | D        | Found a glowing golden altar of the Shining One.
   592 | D        | Found a white marble altar of Elyvilon.
   592 | D        | Noticed a deep elf pyromancer
   594 | D        | Killed a deep elf pyromancer
   594 | D        | Reached * piety under Vehumet
   594 | D        | Offered knowledge of Shock by Vehumet.
   595 | D        | Reached skill level 5 in Stealth
   595 | D        | Reached skill level 13 in Spellcasting
   595 | D        | Reached XP level 7. HP: 36/36 MP: 10/25
   670 | D        | Found a hide-covered altar of Uskayaw.
   670 | D        | Found an iron altar of Okawaru.
   670 | D        | Found a bloodstained altar of Trog.
   670 | D        | Found an ornate altar of the Wu Jian Council.
   670 | D        | Noticed a human
   670 | D        | Noticed a human
   672 | D        | Killed a human
   674 | D        | Killed a human
   675 | D        | Reached XP level 8. HP: 41/41 MP: 5/27
   791 | D        | Offered knowledge of Searing Ray by Vehumet.
   791 | D        | Reached ** piety under Vehumet
   798 | D        | Reached skill level 14 in Spellcasting
   919 | D        | Found a blossoming altar of Fedhas.
   919 | D        | Found a stormy altar of Qazlal.
   919 | D        | Found a snail-covered altar of Cheibriados.
   919 | D        | Found a burning altar of Makhleb.
   919 | D        | Found a shimmering altar of Xom.
   920 | D        | Found a hazy altar of Hepliaklqana.
   920 | D        | Found an opulent altar of Gozag.
   920 | D        | Found a sparkling altar of Nemelex Xobeh.
   920 | D        | Found a corrupted altar of Lugonu.
   920 | D        | Found a viscous altar of Jiyva.
   975 | D        | Offered knowledge of Frozen Ramparts by Vehumet.
   975 | D        | Reached *** piety under Vehumet
   976 | D        | Reached skill level 15 in Spellcasting
   981 | D        | Noticed a two-headed ogre
   984 | D        | Killed a two-headed ogre
   985 | D        | Reached skill level 15 in Earth Magic
  1126 | D        | Noticed Erolcha
  1127 | D        | Noticed a two-headed ogre
  1130 | D        | Killed a two-headed ogre
  1130 | D        | Killed Erolcha
  1130 | D        | Reached **** piety under Vehumet
  1131 | D        | Reached skill level 17 in Spellcasting
  1131 | D        | Reached XP level 9. HP: 45/45 MP: 11/32
  1225 | D        | Offered knowledge of Iskenderun's Mystic Blast by Vehumet.
  1280 | D        | Noticed a wandering mushroom
  1285 | D        | Noticed a wandering mushroom
  1288 | D        | Killed a wandering mushroom
  1290 | D        | Noticed a wandering mushroom
  1295 | D        | Killed a wandering mushroom
  1295 | D        | Reached ***** piety under Vehumet
  1299 | D        | Killed a wandering mushroom
  1300 | D        | Reached skill level 18 in Spellcasting
  1300 | D        | Reached skill level 1 in Conjurations
  1427 | D        | Found Mopuhaesorr's Jewellery Boutique.
  1428 | D        | Offered knowledge of Ignite Poison by Vehumet.
  1430 | D        | Reached XP level 10. HP: 50/50 MP: 27/34
  1433 | D        | Reached ****** piety under Vehumet
  1626 | D        | Bought a ring of magical power for 280 gold pieces
  1677 | D        | Noticed a deep elf pyromancer
  1677 | D        | Noticed a deep elf knight
  1677 | D        | Noticed a deep elf pyromancer
  1677 | D        | Noticed a deep elf knight
  1677 | D        | Noticed a deep elf pyromancer
  1686 | D        | Killed a deep elf pyromancer
  1686 | D        | Offered knowledge of Spellforged Servitor by Vehumet.
  1686 | D        | Killed a deep elf pyromancer
  1687 | D        | Reached skill level 19 in Spellcasting
  1688 | D        | Killed a deep elf knight
  1688 | D        | Killed a deep elf pyromancer
  1689 | D        | Killed a deep elf knight
  1690 | D        | Reached skill level 20 in Spellcasting
  1764 | D        | Noticed a deep elf blademaster
  1764 | D        | Noticed a deep elf death mage
  1768 | D        | Killed a deep elf death mage
  1775 | D        | Noticed a deep elf annihilator
  1780 | D        | Noticed a deep elf annihilator
  1781 | D        | Killed a deep elf annihilator
  1782 | D        | Reached XP level 11. HP: 54/54 MP: 16/37
  1783 | D        | Identified the +9 dagger "Beetleslayer" {vorpal, +Blink}
  1783 | D        | Noticed a deep elf high priest
  1929 | D        | Noticed a deep elf demonologist
  1932 | D        | Noticed a soul eater
  2063 | D        | Noticed a deep elf annihilator
  2073 | D        | Killed a deep elf demonologist
  2073 | D        | Offered knowledge of Orb of Destruction by Vehumet.
  2074 | D        | Reached skill level 21 in Spellcasting
  2093 | D        | Killed a deep elf annihilator
  2115 | D        | Killed a deep elf high priest
  2177 | D        | Killed a deep elf annihilator
  2178 | D        | Reached skill level 22 in Spellcasting
  2247 | D        | Learned a level 7 spell: Orb of Destruction
  2422 | D        | Killed a deep elf blademaster
  2479 | D        | Identified the amulet of Sif Muna's Regard {RegenMP +Blink
                  | Str+5 Stlth-}
  2479 | D        | Identified the ring "Vosk" {Wiz Int+2}
  2572 | D        | Noticed Donald
  2572 | D        | Noticed Frances
  2583 | D        | Killed Donald
  2584 | D        | Reached skill level 23 in Spellcasting
  2584 | D        | Reached skill level 1 in Evocations
  2594 | D        | Killed Frances
  2594 | D        | Offered knowledge of Lightning Bolt by Vehumet.
  2595 | D        | Reached XP level 12. HP: 17/59 MP: 20/41
  2685 | D        | Killed a six-headed hydra
  2696 | D        | Killed a seven-headed hydra
  2861 | D        | HP: 2/59 [cane toad (21)]
  2865 | D        | Slain by a cane toad

Illustrated notes

Levels and vault maps discovered:
D:        dungeon_sprint_mu [sprint_mu_entry_cave, sprint_mu_temple_rooms,
          sprint_mu_d1_spiders, sprint_mu_d2_genie, sprint_mu_d3_branching,
          sprint_mu_orc_legion, sprint_mu_elf_gauntlet, sprint_mu_hive_nellie,
          sprint_mu_lair_fedhas, sprint_mu_vaults_butterflies,
          sprint_mu_slime_circle, sprint_mu_swamp_cave, sprint_mu_snake_twists,
          sprint_mu_blade_basic, sprint_mu_crypt_chambers,
          sprint_mu_tomb_spiral, sprint_mu_vestibule_basic,
          sprint_mu_gehenna_hellfire, sprint_mu_dis_giant,
          sprint_mu_tartarus_statrot, sprint_mu_cocytus_islands, sprint_mu_zot1]

Skill      XL: |  1  2  3  4  5  6  7  8  9 10 11 |
---------------+----------------------------------+-----
Dodging        | 3 4 5 6 |  6.3
Stealth        | 3 4 5 |  5.4
Spellcasting   | 4 7 8 10 13 17 18 20 23 | 23.6
Earth Magic    | 5 7 9 10 12 13 16 17 19 21 | 21.7
Conjurations   | 1 2 4 |  4.3
Transmutations | 3 4 |  4.3
Evocations     | 2 |  2.1
Air Magic      | |  0.4
Poison Magic   | |  0.2

Action                   |  1- 3 |  4- 6 |  7- 9 | 10-12 || total
-------------------------+-------+-------+-------+-------++-------
Melee: Unarmed           |     1 |       |       |       ||     1
       Dagger            |       |       |       |     4 ||     4
 Cast: Sandblast         |    11 |     5 |     4 |     4 ||    24
       Lee's Rapid Decon |       |     4 |    26 |    42 ||    72
       Stone Arrow       |       |       |     8 |    13 ||    21
       Passwall          |       |       |       |     5 ||     5
       Mephitic Cloud    |       |       |       |     4 ||     4
       Petrify           |       |       |       |     2 ||     2
       Orb of Destructio |       |       |       |     1 ||     1
Evoke: Wand              |       |       |       |     4 ||     4
       Phantom mirror    |       |       |       |     1 ||     1
       Tin of tremorston |       |       |       |     1 ||     1
  Use: Potion            |       |       |       |     5 ||     5
       Scroll            |       |       |       |     3 ||     3
Armor: Robe              |       |       |     1 |       ||     1
Dodge: Dodged            |     1 |       |     2 |    11 ||    14

Table legend: (Time is in decaauts)
 A = Elapsed time spent in this place.
 B = Non-inter-level travel time spent in this place.
 C = Inter-level travel time spent in this place.
 D = Time resting spent in this place.
 E = Time spent auto-exploring this place.
 F = Levels seen in this place.
 G = Mean time per level.
                   A        B        C        D        E       F      G
               +--------+--------+--------+--------+--------+-----+--------+
         Total |   2852 |   2852 |      0 |   1876 |    108 |   1 | 2852.0 |
       Dungeon |   2852 |   2852 |      0 |   1876 |    108 |   1 | 2852.0 |
               +--------+--------+--------+--------+--------+-----+--------+

Top non-repeatable levels by time:
       D: 2852 daAuts
